 Dungeon Sprint DCSS version 0.21-a0-258-g4c0eb85 (webtiles) character file.

134 Kidiri the Thaumaturge (level 4, -4/26 HPs)
             Began as a Deep Elf Fire Elementalist on Sept 6, 2017.
             Was an Initiate of Vehumet.
             Killed from afar by a deep elf mage (30 damage)
             ... with a bolt of magma
             ... in the Dungeon (Sprint III: "The Ten Rune Challenge").
             The game lasted 00:02:34 (465 turns).

Kidiri the Thaumaturge (Deep Elf Fire Elementalist)  Turns: 465, Time: 00:02:34

Health: -4/26      AC:  1    Str:  5    XL:     4   Next: 95%
Magic:  13/17      EV: 13    Int: 19    God:    Vehumet [......]
Gold:   42         SH:  0    Dex: 15    Spells: 6/22 levels left

rFire    . . .     SeeInvis .   p - +0 dagger
rCold    . . .     Gourm    .   (no shield)
rNeg     . . .     Faith    .   a - +0 robe
rPois    .         Spirit   .   (no helmet)
rElec    .         Reflect  .   (no cloak)
rCorr    .         Harm     .   (no gloves)
MR       .....     NoTele   +   (no boots)
Stlth    ++........             (no amulet)
HPRegen  0.08/turn              (no ring)
MPRegen  0.15/turn              (no ring)

@: no status effects
A: deformed body, dopey 1, robust 1
a: Renounce Religion


You were in the Dungeon.
You worshipped Vehumet.
Vehumet was noncommittal.
You were not hungry.

You visited 1 branch You collected 42 gold pieces.

Inventory:

Hand Weapons
 p - a +0 dagger (weapon)
Armour
 a - a +0 robe (worn)
Scrolls
 i - a scroll of blinking
 k - a scroll of immolation
 m - 2 scrolls of remove curse
Potions
 d - a potion of curing
 e - 2 potions of heal wounds
 f - a potion of haste
 g - 2 potions of magic
 h - a potion of berserk rage
 o - a potion of brilliance
 q - 2 potions of flight
Books
 b - a book of Flames

   Spells                             Type                      Level
   a - Flame Tongue                   Conjuration/Fire             1
   b - Throw Flame                    Conjuration/Fire             2
   c - Conjure Flame                  Conjuration/Fire             3
   d - Inner Flame                    Hexes/Fire                   3
   e - Sticky Flame                   Conjuration/Fire             4
   f - Fireball                       Conjuration/Fire             5
Comestibles
 c - 3 bread rations
 j - 3 chunks of flesh
 n - a meat ration


   Skills:
 + Level 0.0 Fighting
 + Level 0.0 Short Blades
 + Level 0.0 Armour
 + Level 2.4 Dodging
 - Level 2.4 Stealth
 * Level 9.5 Spellcasting
 + Level 5.4 Conjurations
 + Level 6.2 Fire Magic
 + Level 0.0 Air Magic
 + Level 0.0 Poison Magic


You had 6 spell levels left.
You knew the following spells:

 Your Spells              Type           Power        Failure   Level  Hunger
a - Flame Tongue          Conj/Fire      ####.        1%          1    None
b - Throw Flame           Conj/Fire      ####..       1%          2    None
c - Conjure Flame         Conj/Fire      ####....     1%          3    None
d - Inner Flame           Hex/Fire       ###.....     6%          3    None
e - Sticky Flame          Conj/Fire      ####....     7%          4    ###....
g - Mephitic Cloud        Conj/Pois/Air  ###.....     11%         3    None


Dungeon Overview and Level Annotations

Branches:
Dungeon (1/1)

Altars:
Elyvilon
Kikubaaqudgha
Sif Muna
Vehumet
Zin
The Shining One


Innate Abilities, Weirdness & Mutations

Armour fits poorly on your strangely shaped body.
You are dopey. (Int -2)
You are robust. (+10% HP)


Message History

There is an open door here.
Unknown command.
The helpless deep elf mage fails to defend itself.
You puncture the deep elf mage!
The deep elf mage is moderately wounded.
The deep elf mage closely misses you.
Unknown command.
Casting: Flame Tongue
Confirm with . or Enter, or press ? or * to list all spells.
Aiming: Sticky Flame
Press: ? - help, Shift-Dir - straight line, f - deep elf mage
Aim: a deep elf mage, wielding a long sword of holy wrath (moderately wounded)
The sticky flame hits the deep elf mage.
The deep elf mage is heavily wounded.
The deep elf mage is covered in liquid flames!
The deep elf mage burns!
The deep elf mage casts a spell at you. The bolt of magma hits you!
Ouch! That really hurt!
You die...

▓▓▓▓▓ ▓▓▓ #...####
##.#####
#......#####..#___#
#.......#§§#..#e@.#
##.##...#§§#..###'#+###+
##.###..##+#..#..........
###.##..###...'.⌠........
#÷.##..####...#...######+
...##.÷###....#.⌠.#
..##...##.....#...#
.##....#......#+###
###..##.#.....#.).#


You could see a deep elf mage (burning).

Vanquished Creatures
  A water elemental (D)
  A wizard (D)
  A human (D)
  A kobold demonologist (D)
  An ooze (D)
  A phantom (D)
  3 rats (D)
9 creatures vanquished.

Vanquished Creatures (others)
  2 draconian scorchers (D)
  6 hellions (D)
  2 yaktaurs (D)
10 creatures vanquished.

Grand Total: 19 creatures vanquished

Notes
Turn   | Place    | Note
-------+----------+-------------------------------------------
     0 | D        | Kidiri the Deep Elf Fire Elementalist began the quest for the Orb.
     0 | D        | Reached XP level 1. HP: 10/10 MP: 6/6
    13 | D        | Killed a yaktaur
    21 | D        | Reached skill level 4 in Spellcasting
    92 | D        | Killed a hellion
   105 | D        | Killed a hellion
   114 | D        | Reached skill level 5 in Spellcasting
   114 | D        | Reached XP level 2. HP: 15/15 MP: 5/10
   118 | D        | Learned a level 2 spell: Throw Flame
   164 | D        | Killed a hellion
   165 | D        | Killed a hellion
   165 | D        | Killed a hellion
   201 | D        | Killed a white draconian scorcher
   218 | D        | Reached skill level 6 in Spellcasting
   218 | D        | Reached XP level 3. HP: 13/19 MP: 2/12
   223 | D        | Learned a level 3 spell: Conjure Flame
   227 | D        | Learned a level 3 spell: Inner Flame
   227 | D        | Killed a yaktaur
   255 | D        | Gained mutation: Your spells are a little easier to cast, but a little less powerful. [potion of mutation]
   255 | D        | Gained mutation: You do not regenerate when monsters are visible. [potion of mutation]
   255 | D        | Gained mutation: You possess an exceptional clarity of mind. [potion of mutation]
   256 | D        | Lost mutation: You do not regenerate when monsters are visible. [potion of mutation]
   256 | D        | Lost mutation: Your spells are a little easier to cast, but a little less powerful. [potion of mutation]
   256 | D        | Lost mutation: You possess an exceptional clarity of mind. [potion of mutation]
   256 | D        | Gained mutation: You have sharp toenails. [potion of mutation]
   257 | D        | Lost mutation: You have sharp toenails. [potion of mutation]
   257 | D        | Gained mutation: Your body sometimes deteriorates upon taking damage. [potion of mutation]
   257 | D        | Gained mutation: You expend magic power (3 MP) to strengthen your wands. [potion of mutation]
   257 | D        | Gained mutation: You have large cloven feet. [potion of mutation]
   258 | D        | Lost mutation: Your body sometimes deteriorates upon taking damage. [potion of mutation]
   258 | D        | Lost mutation: You expend magic power (3 MP) to strengthen your wands. [potion of mutation]
   258 | D        | Lost mutation: You have large cloven feet. [potion of mutation]
   258 | D        | Gained mutation: Armour fits poorly on your strangely shaped body. [potion of mutation]
   258 | D        | Gained mutation: You are dopey. (Int -2) [potion of mutation]
   258 | D        | Gained mutation: You are robust. (+10% HP) [potion of mutation]
   273 | D        | Killed a white draconian scorcher
   300 | D        | Killed a hellion
   325 | D        | Noticed a water elemental
   328 | D        | Killed a water elemental
   328 | D        | Reached skill level 8 in Spellcasting
   328 | D        | Reached skill level 5 in Fire Magic
   328 | D        | Reached XP level 4. HP: 26/26 MP: 6/16
   334 | D        | Learned a level 4 spell: Sticky Flame
   392 | D        | Found a radiant altar of Vehumet.
   393 | D        | Found a deep blue altar of Sif Muna.
   393 | D        | Found an ancient bone altar of Kikubaaqudgha.
   393 | D        | Noticed a wizard
   395 | D        | Killed a wizard
   395 | D        | Reached skill level 9 in Spellcasting
   395 | D        | Reached skill level 5 in Conjurations
   411 | D        | Became a worshipper of Vehumet
   416 | D        | Learned a level 3 spell: Mephitic Cloud
   461 | D        | Found a glowing silver altar of Zin.
   462 | D        | Found a glowing golden altar of the Shining One.
   462 | D        | Found a white marble altar of Elyvilon.
   462 | D        | Noticed a deep elf mage
   465 | D        | Killed from afar by a deep elf mage

Vault maps used:
D:        dungeon_sprint_mu

Skill      XL: |  1  2  3  4 |
---------------+-------------+-----
Spellcasting   | 5 6 8 9 |  9.5
Conjurations   | 2 3 4 5 |  5.4
Fire Magic     | 4 5 6 |  6.2
Dodging        | |  2.4
Stealth        | |  2.4

Action                   |  1- 3 |  4- 6 || total
-------------------------+-------+-------++-------
Melee: Dagger            |       |     1 ||     1
 Cast: Flame Tongue      |    20 |     1 ||    21
       Conjure Flame     |     1 |       ||     1
       Sticky Flame      |       |     3 ||     3
  Use: Scroll            |     4 |       ||     4
       Potion            |     4 |       ||     4
 Stab: Sleeping          |       |     1 ||     1
Dodge: Dodged            |     8 |     3 ||    11

Table legend:
 A = Spawn XP
 B = Non-spawn XP
 C = Spawn XP percentage of total XP
 D = Spawn monster count
 E = Non-spawn monster count
 F = Spawn count percentage of total count
 G = Total turns spent on level
                    A         B        C        D         E        F      G
               +---------+---------+-------+---------+---------+-------+---------
         Total |       0 |     192 |   0.0 |       0 |       9 |   0.0 |   465
               +---------+---------+-------+---------+---------+-------+---------
             D |       0 |     192 |   0.0 |       0 |       9 |   0.0 |   465
               +---------+---------+-------+---------+---------+-------+---------
